 Dungeon Crawl Stone Soup version 0.29.0 (webtiles) character file.

Game seed: 12407518970148373694

897 catcat the Grappler (level 8, -10/68 HPs)
             Began as a Ghoul Monk on Sept 2, 2022.
             Mangled by Duvessa
             ... wielding a +2 short sword of holy wrath
              (22 damage)
             ... on level 5 of the Dungeon.
             The game lasted 00:07:36 (4039 turns).

catcat the Grappler (Ghoul Monk)                    Turns: 4039, Time: 00:07:38

Health: -10/68     AC: 15    Str: 17    XL:     8   Next: 7%
Magic:  7/7        EV:  7    Int:  5    God:
Gold:   357        SH:  0    Dex: 11    Spells: 7/7 levels left

rFire   . . .      SeeInvis +     - Unarmed
rCold   + . .      Faith    .   (no shield)
rNeg    + + +      Spirit   .   x - +4 chain mail of Miracles {Rampage rN++}
rPois   ∞          Reflect  .   (no helmet)
rElec   .          Harm     .   k - +2 cloak {rPois}
rCorr   .          Rampage  +   (no gloves)
Will    .....                   (no boots)
Stlth   ..........              (no amulet)
HPRegen 0.00/turn               p - ring of see invisible
MPRegen 0.10/turn               (no ring)

@: inhibited regen
A: claws 1, cold resistance 1, negative energy resistance 3, inhibited
regeneration, torment resistance 2, devour on kill
a: no special abilities


You were on level 5 of the Dungeon.
You visited 1 branch of the dungeon, and saw 5 of its levels.

You collected 357 gold pieces.

Inventory:

Missiles
 u - 9 poisoned darts (quivered)
Armour
 a - a +0 robe
 c - a +0 ring mail
 k - a +2 cloak of poison resistance (worn)
 m - a +0 scale mail
 x - the +4 chain mail of Miracles (worn) {Rampage rN++}
   (You took it off an orc on level 5 of the Dungeon)

   rN:        It greatly protects you from negative energy.
   Rampage:   It bestows one free step when moving towards enemies.
Jewellery
 p - a ring of see invisible (left claw)
 r - a ring of magical power
 t - a +6 ring of dexterity
Scrolls
 d - a scroll of noise
 f - a scroll of enchant weapon
 h - a scroll of immolation {unknown}
 o - 2 scrolls of enchant armour {unknown}
 q - 2 scrolls of identify {unknown}
 v - a scroll of teleportation {unknown}
 w - a scroll of vulnerability {unknown}
Potions
 b - a potion of ambrosia
 e - 2 potions of curing {unknown}
 g - 3 potions of attraction {unknown}
 i - 3 potions of heal wounds {unknown}
 j - 2 potions of degeneration {unknown}
 l - a potion of might {unknown}
 n - 2 potions of magic {unknown}
 s - a potion of resistance {unknown}


   Skills:
 - Level 5.1 Fighting
 + Level 2.0 Armour
 - Level 2.6 Dodging
 - Level 2.1 Stealth
 * Level 9.1 Unarmed Combat


You had 7 spell levels left.
You didn't know any spells.
Your spell library was empty.

Dungeon Overview and Level Annotations

Branches:
Dungeon (5/15)
 Temple: D:4-7

Altars:
Hepliaklqana
Nemelex Xobeh
Sif Muna

Shops:
D:4 [

Annotations:
D:4 Eustachio
D:5 Duvessa


Innate Abilities, Weirdness & Mutations

You are immune to poison.
You have sharp fingernails.
Your flesh is cold resistant. (rC+)
You are immune to negative energy. (rN+++)
You do not regenerate when monsters are visible.
You are immune to unholy pain and torment.
You thrive by killing the living.


Message History

Dowan shouts!
Duvessa, Sister of Dowan comes into view.
She is wielding a +2 short sword of holy wrath and wearing a +0 ring mail of cold resistance.
You scratch Dowan but do no damage.
Dowan points at you and mumbles some strange words.
The puff of frost hits you but does no damage.
You claw Dowan!
Dowan is moderately wounded.
You scratch Dowan.
Dowan is heavily wounded.
Dowan hits you but does no damage.
You closely miss Dowan.
Dowan is heavily wounded.
Dowan casts a spell at you.
The puff of flame hits you but does no damage.
Duvessa hits you with a +2 short sword of holy wrath!
You convulse!
You scratch Dowan.
Dowan is severely wounded.
Dowan hits you but does no damage. Duvessa hits you but does no damage.
You closely miss Dowan. Your claw misses Dowan.
Dowan is severely wounded.
Dowan hits you with a +0 dagger.
Duvessa hits you with a +2 short sword of holy wrath.
You convulse.
You claw Dowan!
Dowan is almost dead.
You closely miss Dowan.
Dowan is almost dead.
Dowan says, "My weaknesses are her strengths!"
Dowan completely misses you.
Duvessa hits you with a +2 short sword of holy wrath!
You convulse.
You claw Dowan!
You kill Dowan!
Duvessa screams, "No!
How DARE you!"
Duvessa goes berserk!
Duvessa hits you with a +2 short sword of holy wrath!
* * * LOW HITPOINT WARNING * * *
You convulse!!
You die...

#. #......# ## #......##
.......... . ...>.....
... #####......###### #
....##..##......##...###
.....'e.................
#)@................
#####..##†###.##.##
#####..##..##.##.##
..'.......)....#....
..#.......)....#....
########.....##..#
#.....##..# .......#....
........'....


You could see Duvessa (berserk).

Vanquished Creatures
  Grinder (D:5)
  Sigmund (D:2)
  A black bear (D:5)
  A phantom (D:5)
  Dowan (D:5)
  A howler monkey (D:5)
  2 hounds (D:4)
  A jelly (D:5)
  Crazy Yiuf (D:3)
  An orc wizard (D:4)
  4 gnolls (D:4)
  Robin (D:3)
  8 adders
  A worm (D:2)
  2 dart slugs
  12 orcs
  7 endoplasms
  2 giant cockroaches
  13 goblins
  8 hobgoblins
  4 jackals (D:1)
  6 quokkas
  8 ball pythons
  2 frilled lizards
  7 kobolds
  4 rats
100 creatures vanquished.

Notes
Turn   | Place    | Note
-------+----------+-------------------------------------------
     0 | D:1      | catcat the Ghoul Monk began the quest for the Orb.
     0 | D:1      | Reached XP level 1. HP: 19/19 MP: 0/0
   249 | D:1      | Reached XP level 2. HP: 26/26 MP: 1/1
   267 | D:1      | Reached skill level 4 in Unarmed Combat
   598 | D:1      | Found a faded altar of an unknown god.
   672 | D:1      | Reached XP level 3. HP: 31/31 MP: 2/2
   710 | D:2      | Found a hazy altar of Hepliaklqana.
   755 | D:2      | Noticed Sigmund
   779 | D:1      | Reached skill level 5 in Unarmed Combat
  1058 | D:3      | Identified the +5 whip "Goblinbane" {holy, rPois Int+4}
  1155 | D:3      | Reached XP level 4. HP: 38/38 MP: 3/3
  1171 | D:3      | Noticed Robin
  1280 | D:3      | Killed Robin
  1281 | D:3      | Reached skill level 1 in Armour
  1377 | D:3      | Found a runed translucent door.
  1378 | D:3      | Noticed Crazy Yiuf
  1388 | D:3      | Killed Crazy Yiuf
  1389 | D:3      | Reached XP level 5. HP: 38/45 MP: 4/4
  1503 | D:3      | Found a shimmering blue altar of Sif Muna.
  1646 | D:3      | Found a sparkling altar of Nemelex Xobeh.
  2272 | D:4      | Found Radawnan's Armour Shop.
  2282 | D:4      | Reached skill level 6 in Unarmed Combat
  2616 | D:4      | Reached XP level 6. HP: 48/51 MP: 5/5
  2831 | D:4      | Reached skill level 7 in Unarmed Combat
  2922 | D:4      | Noticed Eustachio
  3395 | D:2      | Killed Sigmund
  3396 | D:2      | Reached XP level 7. HP: 48/58 MP: 6/6
  3741 | D:5      | Entered Level 5 of the Dungeon
  3855 | D:5      | Reached skill level 8 in Unarmed Combat
  3896 | D:5      | Noticed Grinder
  3910 | D:5      | Paralysed by Grinder for 3 turns
  3922 | D:5      | Killed Grinder
  3971 | D:5      | Identified the +4 chain mail of Miracles {Rampage rN++}
  3989 | D:5      | Reached skill level 5 in Fighting
  3989 | D:5      | Reached skill level 9 in Unarmed Combat
  3989 | D:5      | Reached XP level 8. HP: 63/68 MP: 7/7
  4027 | D:5      | Noticed Dowan
  4029 | D:5      | Noticed Duvessa
  4039 | D:5      | Killed Dowan
  4039 | D:5      | Mangled by Duvessa

Illustrated notes

Levels and vault maps discovered:
D:1:      tarquinn_simple_flora_water_b, layout_basic,
          shapermc_ecumenical_altar_petra
D:2:      layout_rooms, basic_altar, serial_corexii_hall,
          corexii_hall_statues_i, corexii_hall_statues_u, uniq_sigmund
D:3:      layout_basic, nicolae_overflow_crystal_walls,
          mainiacjoe_overflow_small_starburst, nicolae_hexahallways, uniq_robin,
          uniq_crazy_yiuf_cottage
D:4:      layout_loops_ring, overflow_temple_1_default, serial_shops,
          nicolae_square_shop, uniq_eustachio
D:5:      layout_gridville, jmf_multi_god_temple, serial_shops, shop,
          uniq_grinder, uniq_duvessa

Skill      XL: |  1  2  3  4  5  6  7 |
---------------+----------------------+-----
Unarmed Combat | 4 5 6 7 9 |  9.1
Armour         | 1 2 |  2.0
Fighting       | 5 |  5.1
Dodging        | |  2.6
Stealth        | |  2.1

Action                   |  1- 3 |  4- 6 |  7- 9 || total
-------------------------+-------+-------+-------++-------
Melee: Unarmed           |    72 |   228 |    55 ||   355
       Punch             |     4 |     6 |     2 ||    12
Throw: Dart              |       |     1 |       ||     1
  Use: Scroll            |     1 |       |     1 ||     2
 Stab: Sleeping          |     2 |       |       ||     2
Armor: Ring mail         |    21 |    13 |       ||    34
       Robe              |     1 |       |       ||     1
       Scale mail        |       |   113 |    16 ||   129
       Chain mail        |       |       |     5 ||     5
Dodge: Dodged            |    31 |   168 |    16 ||   215
